 Dungeon Crawl Stone Soup version 0.22-a0-157-g169b76a (webtiles) character file.

13676 KristoblXynda the Carver (level 11, -5/95 HPs)
             Began as a Red Draconian Gladiator on Feb 8, 2018.
             Was an Elder of Cheibriados.
             Shot with a bolt by a yaktaur (30 damage)
             ... on level 12 of the Dungeon.
             The game lasted 00:17:38 (10856 turns).

KristoblXynda the Carver (Red Draconian Gladiator) Turns: 10856, Time: 00:17:38

Health: -5/95      AC: 12    Str: 29    XL:     11   Next: 78%
Magic:  11/11      EV: 21    Int: 24    God:    Cheibriados [****..]
Gold:   418        SH:  0    Dex: 23    Spells: 10/10 levels left

rFire    + . .     SeeInvis +   x - +6 scimitar (elec)
rCold    . . .     Gourm    .   (no shield)
rNeg     . . .     Faith    .   (armour unavailable)
rPois    .         Spirit   .   s - +2 hat
rElec    .         Reflect  .   (no cloak)
rCorr    .         Harm     .   n - +1 pair of gloves
MR       +....                  y - +0 pair of boots of the Okapi {+Fly MR+ Str+3 Int-2}
Stlth    ++........             (no amulet)
HPRegen  0.25/turn              t - +4 ring of intelligence
MPRegen  0.12/turn              u - ring of see invisible

@: very slow
A: breathe fire, unfitting armour, fire resistance 1, cold-blooded, AC +7
a: Breathe Fire, Bend Time, Temporal Distortion, Slouch, Renounce Religion,
Evoke Flight


You were on level 12 of the Dungeon.
You worshipped Cheibriados.
Cheibriados was greatly pleased with you.
You were not hungry.

You visited 3 branches of the dungeon, and saw 14 of its levels.
You also visited: Ossuary.

You collected 658 gold pieces.
You spent 240 gold pieces at shops.

Inventory:

Hand Weapons
 o - a +2 long sword of holy wrath
 x - a +6 scimitar of electrocution (weapon)
Missiles
 c - 4 throwing nets (quivered)
Armour
 n - a +1 pair of gloves (worn)
 s - a +2 hat (worn)
 y - the +0 pair of boots of the Okapi (worn) {+Fly MR+ Str+3 Int-2}
   (You found it on level 8 of the Dungeon)

   It affects your strength (+3).
   It affects your intelligence (-2).
   It affects your resistance to hostile enchantments.
   It lets you fly.
Jewellery
 g - an uncursed ring of flight
 t - a +4 ring of intelligence (left hand)
 u - a ring of see invisible (right hand)
 v - an uncursed ring of magical power
Wands
 j - a wand of digging (17)
 C - a wand of iceblast (12)
 F - a wand of disintegration (16)
Scrolls
 a - 2 scrolls of fog
 b - 2 scrolls of blinking
 h - 3 scrolls of identify
 k - 10 scrolls of remove curse
 m - 3 scrolls of teleportation
 p - a scroll of enchant armour
 B - a scroll of magic mapping
 G - 2 scrolls of enchant weapon
Potions
 e - 5 potions of curing
 f - a potion of magic
 i - 2 potions of mutation
 l - 3 potions of agility
 q - a potion of brilliance
 r - a potion of ambrosia
 z - a potion of heal wounds
 A - a potion of flight
 D - a potion of might
Books
 E - a book of Callings

   Spells                             Type                      Level
   a - Summon Small Mammal            Summoning                    1
   b - Call Imp                       Summoning                    2
   c - Call Canine Familiar           Summoning                    3
   d - Summon Guardian Golem          Hexes/Summoning              3
   e - Summon Lightning Spire         Summoning/Air                4
   f - Summon Ice Beast               Ice/Summoning                4
 H - a book of Changes

   Spells                             Type                      Level
   a - Beastly Appendage              Transmutation                1
   b - Sticks to Snakes               Transmutation                2
   c - Spider Form                    Transmutation/Poison         3
   d - Ice Form                       Ice/Transmutation            4
   e - Blade Hands                    Transmutation                5
Comestibles
 d - 14 rations
 w - 2 chunks of flesh


   Skills:
 + Level 8.9 Fighting
 * Level 14.0 Long Blades
 - Level 2.0 Throwing
 + Level 9.8 Dodging


You had 10 spell levels left.
You didn't know any spells.

Dungeon Overview and Level Annotations

Branches:
Dungeon (12/15)            Temple (1/1) D:7            Lair (0/6) D:10
    Orc (1/2) D:10

Altars:
Ashenzari
Cheibriados
Dithmenos
Elyvilon
Fedhas
Gozag
Hepliaklqana
Kikubaaqudgha
Makhleb
Nemelex Xobeh
Okawaru
Qazlal
Ru
Sif Muna
Trog
Uskayaw
Vehumet
Wu Jian
Xom
Yredelemnul
Zin
The Shining One

Shops:
D:6 =   D:9 [?


Innate Abilities, Weirdness & Mutations

You can breathe blasts of fire.
Your fiery red scales are hard. (AC +7)
You cannot fit into any form of body armour.
Your flesh is heat resistant. (rF+)
You are cold-blooded and may be slowed by cold attacks.


Message History

You tail-slap the troll, but do no damage.
The troll is severely wounded.
A yaktaur comes into view.
You hit the troll but do no damage. Lightning courses through the troll!
The troll is almost dead.
The troll bites you. The troll barely misses you.
The troll claws you but does no damage.
You hit the troll.
You kill the troll!
Cheibriados thoroughly appreciates the change of pace.
The yaktaur wields an arbalest.
The yaktaur shoots a bolt.
The bolt barely misses you.
The yaktaur shoots a bolt.
The bolt hits you!!
You see here 2 bolts.
G - 2 scrolls of enchant weapon (gained 1)
The yaktaur shoots a bolt.
The bolt hits you!!
You see here a bolt.
The yaktaur shoots a bolt.
The bolt hits you!
* * * LOW HITPOINT WARNING * * *
The yaktaur shoots a bolt.
The bolt hits you!!
You die...

#.....##.......##.......#
##....##................#
#.......................#
#..............##......##
#..............##......#
##...###'##########....#
#...####.######## ##...#
#..## #...##.(..# #...
##.#####.#####@##
#..##.##.##.##.##.#
#..##...†....††...#
#..##.##.##.##c##)#
####.##)##.#####.# #
#....####[..# ... ##...##
##### #.## #....# #.#
#....##### ...


You could see a yaktaur.

Vanquished Creatures
  The ghost of KristoblXynda the Grappler, a journeyman DrMo of Gozag (D:11)
  3 two-headed ogres
  Sonja (D:11)
  An unseen horror (D:11)
  An ugly thing (D:11)
  A manticore (D:11)
  Joseph (D:10)
  2 centaur skeletons (D:11)
  2 trolls
  A hornet (D:10)
  A polar bear (shapeshifter) (D:12)
  Grinder (D:5)
  A slime creature (D:12)
  7 yaks (D:11)
  3 shadows (D:12)
  3 wraiths
  A redback (shapeshifter) (D:12)
  A basilisk (D:10)
  4 porcupines (D:10)
  2 ice beasts (D:12)
  2 sky beasts
  5 black bears
  An eye of draining (D:12)
  An orc warrior (D:8)
  3 phantoms
  A centaur (D:9)
  3 ogres
  A wolf (D:10)
  3 crocodiles (D:10)
  2 big kobolds
  A bullfrog (D:10)
  2 elf zombies (Ossuary)
  4 scorpions
  3 howler monkeys (D:11)
  10 wights
  8 crimson imps
  2 quasits
  3 human zombies (Ossuary)
  2 orc priests
  3 hounds
  A jelly (D:9)
  2 bullfrog skeletons
  5 orc wizards
  9 worker ants
  2 iguanas
  A big kobold zombie (Ossuary)
  3 mummies
  A howler monkey zombie (D:8)
  2 worker ant zombies
  8 gnolls
  2 howler monkey skeletons
  14 adders
  4 shadow imps
  An ooze (D:1)
  3 adder skeletons
  2 dart slugs
  4 leopard geckos
  18 orcs
  4 giant cockroaches
  5 goblins
  4 hobgoblins
  16 jackals
  11 kobolds
  4 quokkas
  7 bats
  5 frilled lizards
  10 hobgoblin zombies (Ossuary)
  2 jackal zombies (Ossuary)
  11 kobold zombies
  A leopard gecko skeleton (D:7)
  9 orc zombies (Ossuary)
  7 rats
276 creatures vanquished.

Notes
Turn   | Place    | Note
-------+----------+-------------------------------------------
     0 | D:1      | KristoblXynda the Draconian Gladiator began the quest for the Orb.
     0 | D:1      | Reached XP level 1. HP: 17/17 MP: 1/1
   360 | D:1      | Reached XP level 2. HP: 24/24 MP: 2/2
  1121 | D:2      | Reached XP level 3. HP: 21/29 MP: 3/3
  1200 | D:2      | Reached skill level 4 in Long Blades
  1224 | D:2      | Reached XP level 4. HP: 13/36 MP: 4/4
  1688 | D:3      | Found a stormy altar of Qazlal.
  1689 | D:3      | Found a deep blue altar of Sif Muna.
  1947 | D:3      | Found a burning altar of Makhleb.
  1955 | D:3      | Reached skill level 5 in Long Blades
  1955 | D:3      | Reached XP level 5. HP: 32/41 MP: 5/5
  2363 | D:4      | Found a sand-covered staircase.
  2370 | Ossuary  | Entered an ossuary
  2511 | Ossuary  | Reached XP level 6. HP: 29/48 MP: 6/6
  2600 | Ossuary  | Reached skill level 6 in Long Blades
  2912 | D:4      | Your scales start taking on a fiery red colour.
  2912 | D:4      | Reached XP level 7. HP: 37/55 MP: 7/7
  2912 | D:4      | Gained mutation: Your flesh is heat resistant. (rF+) [Red Draconian growth]
  3204 | D:4      | Reached skill level 7 in Long Blades
  3467 | D:5      | Entered Level 5 of the Dungeon
  3517 | D:5      | Noticed Grinder
  3526 | D:5      | Killed Grinder
  3526 | D:5      | Reached skill level 5 in Dodging
  4048 | D:5      | Reached skill level 8 in Long Blades
  4081 | D:5      | Found a shattered altar of Ashenzari.
  4670 | D:6      | Reached XP level 8. HP: 33/61 MP: 8/8
  5321 | D:6      | Found Tudanec's Jewellery Shop.
  5329 | D:6      | Bought an uncursed ring of see invisible for 195 gold pieces
  5672 | D:7      | Reached skill level 9 in Long Blades
  5832 | D:7      | Found a staircase to the Ecumenical Temple.
  6083 | Temple   | Entered the Ecumenical Temple
  6304 | Temple   | Became a worshipper of Cheibriados the Contemplative
  7074 | D:8      | Noticed a two-headed ogre
  7082 | D:8      | Killed a two-headed ogre
  7082 | D:8      | Reached skill level 10 in Long Blades
  7082 | D:8      | Reached XP level 9. HP: 31/71 MP: 9/9
  7439 | D:8      | Got a pair of scorched boots
  7445 | D:8      | Identified the cursed +0 pair of boots of the Okapi {+Fly MR+ Str+3 Int-2} (You found it on level 8 of the Dungeon)
  8004 | D:9      | Found Raxaoh's Antique Armour Shop.
  8029 | D:9      | Found Utabac's Magic Scroll Boutique.
  8041 | D:9      | Reached * piety under Cheibriados
  8089 | D:9      | Bought a scroll of magic mapping for 45 gold pieces
  8093 | D:9      | Found a bloodstained altar of Trog.
  8156 | D:9      | Found a glowing silver altar of Zin.
  8211 | D:9      | Found a hazy altar of Hepliaklqana.
  8257 | D:9      | Noticed a two-headed ogre
  8264 | D:9      | Killed a two-headed ogre
  8264 | D:9      | Reached skill level 5 in Fighting
  8264 | D:9      | Reached skill level 11 in Long Blades
  8531 | D:9      | Reached XP level 10. HP: 77/81 MP: 10/10
  8739 | D:10     | Entered Level 10 of the Dungeon
  8741 | D:10     | Noticed a two-headed ogre
  8742 | D:10     | Noticed Joseph
  8744 | D:10     | Reached ** piety under Cheibriados
  8751 | D:10     | Killed a two-headed ogre
  8758 | D:10     | Killed Joseph
  8946 | D:10     | Reached skill level 12 in Long Blades
  9352 | D:10     | Found a staircase to the Lair.
  9552 | D:10     | Found a staircase to the Orcish Mines.
  9558 | Orc:1    | Entered Level 1 of the Orcish Mines
  9572 | D:11     | Noticed a manticore
  9573 | D:11     | Killed a manticore
  9589 | D:11     | Noticed KristoblXynda's ghost (journeyman DrMo)
  9596 | D:11     | Killed KristoblXynda's ghost
  9596 | D:11     | Reached XP level 11. HP: 78/92 MP: 11/11
  9642 | D:11     | Reached *** piety under Cheibriados
  9642 | D:11     | Reached skill level 13 in Long Blades
  9659 | D:11     | Noticed Sonja
  9659 | D:11     | Noticed a cyan ugly thing
  9858 | D:11     | Killed a cyan ugly thing
 10342 | D:11     | Noticed an unseen horror
 10350 | D:11     | Killed Sonja
 10350 | D:11     | Reached **** piety under Cheibriados
 10351 | D:11     | Killed an unseen horror
 10832 | D:12     | Noticed a shock serpent
 10833 | D:12     | a shock serpent changed into a redback
 10840 | D:12     | Reached skill level 14 in Long Blades
 10856 | D:12     | Shot with a bolt by a yaktaur

Vault maps used:
D:1:      lemuel_arrival_broad_hall
D:2:      first_ration
D:3:      grunt_temple_overflow_open, makhleb_heckhound_becter
D:4:      nicolae_ossuary_entry_giza, minmay_misc_feat_encased, minmay_bisected
D:5:      basic_altar, uniq_grinder
D:6:      nicolae_whirlpool, serial_shops, nicolae_shop_statue_plus
D:7:      minmay_temple_entry_nine_rooms
D:9:      zin_scriptorium, trog_ov_bears_minmay, serial_shops, shop,
          nicolae_shop_waterfront, basic_altar
D:10:     minmay_lair_entry_grove, orc_0_dummy, uniq_joseph
D:11:     uniq_sonja
D:12:     hangedman_cross_veins, hangedman_ranch, uniq_erolcha
Temple:   dpeg_five_rooms_temple
Ossuary:  ossuary_tomb_1

Skill      XL: |  1  2  3  4  5  6  7  8  9 10 11 |
---------------+----------------------------------+-----
Throwing       | 2 |  2.0
Dodging        | 3 4 5 7 9 |  9.8
Long Blades    | 4 5 6 8 10 11 12 14 | 14.0
Fighting       | 3 5 7 8 |  8.9

Action                   |  1- 3 |  4- 6 |  7- 9 | 10-12 || total
-------------------------+-------+-------+-------+-------++-------
Melee: Long sword        |    77 |   198 |   165 |     9 ||   449
       Tailslap          |    11 |    23 |    46 |    53 ||   133
       Scimitar          |       |       |    89 |   168 ||   257
 Abil: Breathe Fire      |       |       |     7 |     5 ||    12
Evoke: Wand              |       |       |     1 |     2 ||     3
  Use: Potion            |     4 |       |       |     1 ||     5
       Scroll            |     1 |     7 |     9 |     6 ||    23
 Stab: Sleeping          |       |     1 |       |     2 ||     3
       Distracted        |       |       |     1 |       ||     1
  Eat: Ration            |       |     2 |     4 |       ||     6
       Chunk             |       |     1 |     5 |     5 ||    11
Armor: Skin              |    25 |    46 |    74 |    35 ||   180
Dodge: Dodged            |    75 |   125 |   199 |   151 ||   550
       Rpst.: Long sword |    23 |    43 |    37 |     1 ||   104
       Scimitar          |       |       |    12 |    44 ||    56

Table legend:
 A = Spawn XP
 B = Non-spawn XP
 C = Spawn XP percentage of total XP
 D = Spawn monster count
 E = Non-spawn monster count
 F = Spawn count percentage of total count
 G = Total turns spent on level
                    A         B        C        D         E        F      G
               +---------+---------+-------+---------+---------+-------+---------
         Total |       0 |   19538 |   0.0 |       0 |     276 |   0.0 | 10856
               +---------+---------+-------+---------+---------+-------+---------
           D:1 |       0 |      38 |   0.0 |       0 |      18 |   0.0 |  1095
           D:2 |       0 |     126 |   0.0 |       0 |      32 |   0.0 |   526
           D:3 |       0 |      96 |   0.0 |       0 |      11 |   0.0 |   659
           D:4 |       0 |     253 |   0.0 |       0 |      16 |   0.0 |   742
           D:5 |       0 |     478 |   0.0 |       0 |      15 |   0.0 |   948
           D:6 |       0 |     388 |   0.0 |       0 |       9 |   0.0 |  1165
           D:7 |       0 |     761 |   0.0 |       0 |      21 |   0.0 |   903
           D:8 |       0 |    1204 |   0.0 |       0 |      14 |   0.0 |  1260
           D:9 |       0 |    2140 |   0.0 |       0 |      29 |   0.0 |   741
          D:10 |       0 |    4402 |   0.0 |       0 |      30 |   0.0 |   831
          D:11 |       0 |    6432 |   0.0 |       0 |      25 |   0.0 |  1089
          D:12 |       0 |    2815 |   0.0 |       0 |      18 |   0.0 |   195
       Ossuary |       0 |     405 |   0.0 |       0 |      38 |   0.0 |   445
               +---------+---------+-------+---------+---------+-------+---------
